 Dungeon Crawl Stone Soup version 0.21-a0-19-g210df22 (webtiles) character file.

166 Multipenetrator the Conjurer (level 5, -2/29 HPs)
             Began as a Deep Elf Conjurer on May 24, 2017.
             Slain by an ogre
             ... wielding a +0 giant spiked club
              (16 damage)
             ... on level 4 of the Dungeon.
             The game lasted 00:16:33 (2271 turns).

Multipenetrator the Conjurer (Deep Elf Conjurer)    Turns: 2271, Time: 00:16:33

Health: -2/29      AC:  2    Str:  5    XL:     5   Next: 22%
Magic:  12/13      EV: 13    Int: 20    God:
Gold:   96         SH:  0    Dex: 16    Spells: 9/12 levels left

rFire    + . .     SeeInvis .   k - +1 dagger (protect)
rCold    . . .     Gourm    .   (no shield)
rNeg     . . .     Faith    .   a - +0 robe
rPois    .         Spirit   .   (no helmet)
rElec    .         Reflect  .   (no cloak)
rCorr    .         Harm     .   (no gloves)
MR       .....                  (no boots)
Stlth    ++........             (no amulet)
Regen    0.1/turn               l - ring of protection from fire
MPRegen  0.2/turn               (no ring)

@: no status effects
A: no striking features
a: no special abilities


You were on level 4 of the Dungeon.
You were not hungry.

You visited 1 branch of the dungeon, and saw 4 of its levels.

You collected 96 gold pieces.

Inventory:

Hand Weapons
 k - a +1 dagger of protection (weapon)
Armour
 a - a +0 robe (worn)
 m - a +0 leather armour
Jewellery
 l - a ring of protection from fire (left hand)
Scrolls
 e - 2 scrolls of random uselessness {unknown}
 i - 3 scrolls of remove curse
 j - 4 scrolls of identify {unknown}
 n - a scroll of noise {unknown}
 q - a scroll of magic mapping {unknown}
Potions
 f - a potion of degeneration {unknown}
 g - a potion of mutation {unknown}
 h - a potion of haste {unknown}
 o - a potion of heal wounds {unknown}
 p - 2 potions of magic {unknown}
 s - a potion of flight {unknown}
Books
 b - a book of Conjurations

   Spells                             Type                      Level
   a - Magic Dart                     Conjuration                  1
   b - Searing Ray                    Conjuration                  2
   c - Dazzling Spray                 Conjuration/Hexes            3
   d - Fulminant Prism                Conjuration/Hexes            4
   e - Force Lance                    Conjuration/Translocation    4
   f - Iskenderun's Mystic Blast      Conjuration                  4
Comestibles
 c - 4 bread rations
 d - 2 fruits
 r - 2 chunks of flesh


   Skills:
 * Level 1.5 Fighting
 + Level 2.8 Dodging
 + Level 3.0 Stealth
 * Level 4.1 Spellcasting
 + Level 5.9 Conjurations


You had 9 spell levels left.
You knew the following spells:

 Your Spells              Type           Power        Failure   Level  Hunger
a - Magic Dart            Conj           ####         1%          1    None
b - Searing Ray           Conj           ####..       1%          2    #......


Dungeon Overview and Level Annotations

Branches:
Dungeon (4/15)
 Temple: D:4-7

Altars:
Fedhas
Makhleb
Nemelex Xobeh
Okawaru
Ru
Uskayaw
Xom


Message History

There isn't anything here!
You see here an adder corpse.
You close the door.
You open the door.
Unknown command.
An ogre comes into view. It is wielding a giant spiked club.
The ogre shouts!
Memorise Dazzling Spray, consuming 3 spell levels and leaving 6?
You start memorising the spell.
You continue memorising.
The ogre barely misses you.
You continue memorising. x2
The ogre hits you with a giant spiked club!
Your memorisation is interrupted.
Ouch! That really hurt!
Casting: Magic Dart
Confirm with . or Enter, or press ? or * to list all spells.
Okay, then.
The ogre hits you with a giant spiked club!
Ouch! That really hurt!
You die...

# .# #############.#
..............#
###..........##..
..........O.......
#.....†@......##
#.....#'##.####
########..#.#
........#.#.#
#######.#.#.#############
.......................
#.#.#.##.[###..........
#.#.##..# #.......... .
#.##..# #........[.


You could see an ogre.

Vanquished Creatures
  A hound (D:4)
  A worker ant (D:4)
  5 adders
  2 oozes
  2 worms
  A leopard gecko (D:1)
  An orc (D:2)
  3 bats
  4 giant cockroaches
  6 hobgoblins
  5 jackals
  2 quokkas (D:4)
  A ball python (D:3)
  4 frilled lizards
  5 goblins
  6 kobolds
  2 rats
51 creatures vanquished.

Vanquished Creatures (others)
  A two-headed ogre (D:4)
  5 dream sheep (D:4)
6 creatures vanquished.

Grand Total: 57 creatures vanquished

Notes
Turn   | Place    | Note
-------+----------+-------------------------------------------
     0 | D:1      | Multipenetrator the Deep Elf Conjurer began the quest for the Orb.
     0 | D:1      | Reached XP level 1. HP: 10/10 MP: 6/6
   337 | D:1      | Reached XP level 2. HP: 16/16 MP: 0/8
   593 | D:2      | Found a burning altar of Makhleb.
   621 | D:2      | Reached skill level 5 in Conjurations
   621 | D:2      | Reached XP level 3. HP: 20/20 MP: 5/9
  1159 | D:2      | Learned a level 2 spell: Searing Ray
  1311 | D:3      | Found a hide-covered altar of Uskayaw.
  1314 | D:3      | Found a sacrificial altar of Ru.
  1317 | D:3      | Found a sparkling altar of Nemelex Xobeh.
  1320 | D:3      | Found a blossoming altar of Fedhas.
  1562 | D:2      | Reached skill level 1 in Fighting
  1729 | D:3      | Reached XP level 4. HP: 25/25 MP: 7/10
  2033 | D:4      | Found an iron altar of Okawaru.
  2042 | D:4      | Reached XP level 5. HP: 29/29 MP: 6/13
  2180 | D:4      | Found a shimmering altar of Xom.
  2180 | D:4      | Noticed a dream sheep
  2180 | D:4      | Noticed a dream sheep
  2180 | D:4      | Noticed a dream sheep
  2180 | D:4      | Noticed a dream sheep
  2180 | D:4      | Noticed a dream sheep
  2186 | D:4      | Killed a dream sheep
  2186 | D:4      | Killed a dream sheep
  2186 | D:4      | Killed a dream sheep
  2186 | D:4      | Killed a dream sheep
  2186 | D:4      | Killed a dream sheep
  2188 | D:4      | Killed a two-headed ogre
  2265 | D:4      | Noticed an ogre
  2271 | D:4      | Slain by an ogre

Vault maps used:
D:1:      tarquinn_simple_flora_water_b, feat_on_display
D:2:      wad_river_or_something, lemuel_round_altar, first_bread
D:3:      grunt_temple_overflow_cloverleaf
D:4:      okawaru_metal_pillars_3, kb_xom_exploding_sheep

Skill      XL: |  1  2  3  4  5 |
---------------+----------------+-----
Conjurations   | 5 |  5.9
Fighting       | 1 |  1.5
Spellcasting   | 4 |  4.1
Stealth        | 3 |  3.0
Dodging        | |  2.8

Action                   |  1- 3 |  4- 6 || total
-------------------------+-------+-------++-------
Melee: Dagger            |     8 |       ||     8
 Cast: Magic Dart        |    81 |    26 ||   107
       Searing Ray       |     1 |     3 ||     4
  Use: Scroll            |     1 |       ||     1
  Eat: Chunk             |     2 |     2 ||     4
Armor: Robe              |     2 |       ||     2
Dodge: Dodged            |    17 |     8 ||    25
